AoeStats
← bll134679

Arena

510547658Analyzed
3v3 RM · 2d ago on Oct 1, 2026· 58m 58s· 6 players
Game mode
Random Map
Map size
Normal (6 player)
Population
200
Speed
Normal
Resources
Standard
Victory
Conquest
Starting age
Dark Age
Ending age
Imperial Age
RankedLock teamsTeams togetherTeam positionsShared explorationLock speedFull tech treeHidden civsTurbo modeCheats
Victory
Defeat
🇦🇷 Franks · Argentina
1090
+12
🇧🇾 Mongols · Belarus
1038
+14
🇩🇪 Teutons · Germany
1024
+15
🇹🇼 Teutons · Taiwan
1036
-15
🇹🇼 Magyars · Taiwan
1003
-14
🇹🇼 Slavs · Taiwan
949
-12
King Brenning I
10:39 Feudal Age
12:20 Loom
13:09 Fletching
16:45 Horse Collar
18:23 Scale Mail Armor
20:16 Wheelbarrow
27:50 Castle Age
26:00 Gold Mining
26:41 Forging
27:00 Stone Mining
29:17 Double-Bit Axe
30:11 Bow Saw
30:30 Pikeman
31:10 Squires
32:39 Stone Mining
37:31 Imperial Age
35:18 Hand Cart
34:49 Town Watch
35:32 Chain Mail Armor
35:53 Iron Casting
35:13 Bodkin Arrow
35:25 Heavy Plow
36:04 Stone Shaft Mining
38:17 Ballistics
42:11 Chemistry
41:17 Siege Engineers
41:47 Plate Mail Armor
42:18 Blast Furnace
40:41 Halberdier
42:11 Masonry
41:34 Elite Teutonic Knight
42:35 Conscription
48:37 Crenellations
50:23 Arson
50:49 Elite Skirmisher
51:39 Padded Archer Armor
57:05 Ironclad
SoyRock
10:57 Feudal Age
11:54 Double-Bit Axe
14:33 Stone Mining
16:51 Castle Age
15:05 Stone Mining
16:46 Gold Mining
18:51 Loom
21:10 Gold Shaft Mining
21:02 Fletching
22:37 Bow Saw
26:21 Imperial Age
27:58 Wheelbarrow
27:32 Bodkin Arrow
28:06 Ballistics
28:51 Scale Mail Armor
29:01 Forging
31:19 Pikeman
33:15 Scale Mail Armor
41:52 Conscription
43:27 Iron Casting
43:08 Chain Mail Armor
42:56 Squires
42:45 Gambesons
42:51 Halberdier
43:58 Conscription
45:41 Blast Furnace
44:53 Husbandry
45:40 Light Cavalry
47:24 Plate Mail Armor
47:00 Scale Barding Armor
50:10 Chivalry
50:44 Chain Barding Armor
53:23 Plate Barding Armor
53:03 Masonry
53:00 Siege Engineers
53:59 Chemistry
52:46 Treadmill Crane
53:03 Murder Holes
53:20 Fortified Wall
PDP.dog
9:41 Feudal Age
11:49 Double-Bit Axe
17:10 Castle Age
15:13 Stone Mining
18:01 Bow Saw
18:44 Stone Shaft Mining
23:15 Gold Mining
25:34 Gold Shaft Mining
27:13 Wheelbarrow
26:23 Loom
26:24 Town Watch
26:32 Fletching
27:10 Bodkin Arrow
32:19 Imperial Age
30:27 Horse Collar
32:38 Padded Archer Armor
33:39 Bracer
34:11 Elite Mangudai
35:17 Bloodlines
36:17 Parthian Tactics
37:17 Leather Archer Armor
37:56 Thumb Ring
38:44 Hoardings
40:15 Hand Cart
40:01 Town Patrol
40:13 Forging
40:09 Scale Barding Armor
41:18 Ballistics
41:09 Masonry
42:04 Siege Engineers
43:25 Murder Holes
45:18 Iron Casting
45:04 Chain Barding Armor
47:21 Fortified Wall
47:42 Pikeman
55:27 Nomads
54:57 Sappers
55:48 Conscription
60:13 Blast Furnace
59:14 Scale Mail Armor
59:16 Heavy Plow
59:18 Husbandry
58:39 Light Cavalry
Chipupu72
5:10 Loom
9:06 Feudal Age
11:31 Wheelbarrow
15:04 Double-Bit Axe
15:00 Horse Collar
17:51 Scale Barding Armor
19:19 Forging
19:53 Bloodlines
25:19 Castle Age
23:55 Gold Mining
26:56 Fletching
28:27 Elite Skirmisher
29:06 Bodkin Arrow
29:12 Padded Archer Armor
34:26 Imperial Age
32:30 Hand Cart
32:50 Bow Saw
33:50 Heavy Plow
33:44 Pikeman
34:31 Scale Mail Armor
36:01 Ballistics
36:56 Leather Archer Armor
36:58 Chain Mail Armor
40:53 Ring Archer Armor
43:20 Coinage
44:10 Squires
45:18 Plate Mail Armor
45:25 Iron Casting
45:54 Chemistry
47:02 Conscription
52:08 Town Watch
mingyi45927
11:54 Feudal Age
13:24 Horse Collar
14:10 Loom
17:00 Castle Age
16:26 Double-Bit Axe
19:57 Scale Barding Armor
22:34 Chain Barding Armor
22:30 Forging
30:26 Iron Casting
35:33 Imperial Age
34:28 Husbandry
34:40 Bloodlines
36:37 Conscription
36:25 Detinets
38:39 Plate Barding Armor
38:00 Fletching
40:35 Heavy Plow
40:48 Bow Saw
41:55 Blast Furnace
43:12 Elite Boyar
44:35 Wheelbarrow
44:05 Padded Archer Armor
44:04 Bodkin Arrow
43:38 Elite Skirmisher
45:53 Ballistics
48:19 Chemistry
47:12 Light Cavalry
52:33 Hussar
bll134679
6:16 Loom
11:26 Feudal Age
11:52 Double-Bit Axe
12:26 Horse Collar
19:48 Castle Age
20:39 Bow Saw
24:12 Heavy Plow
25:42 Bloodlines
25:34 Light Cavalry
27:38 Pikeman
30:09 Thumb Ring
29:28 Elite Skirmisher
29:36 Elite Skirmisher
30:25 Thumb Ring
31:09 Husbandry
31:23 Bloodlines
31:32 Husbandry
34:12 Wheelbarrow
37:33 Imperial Age
35:33 Hand Cart
37:02 Scale Barding Armor
37:51 Cavalier
39:10 Conscription
41:53 Chain Barding Armor
41:54 Paladin
45:41 Plate Barding Armor
45:31 Corvinian Army
47:53 Fletching
48:03 Padded Archer Armor
51:26 Ballistics
50:38 Hussar
54:48 Two-Man Saw
54:20 Crop Rotation
54:44 Thumb Ring
Connection lost

Rejoining the realm…

Still unreachable

The connection could not be restored.

Session expired

The server has moved on; the page needs a fresh start.